| TOP OF THE 1ST |
|
Greensboro Grasshoppers batting - Pitching for Wisconsin Timber Rattlers : RHP Julian Urbina
|
|
Pitching: RHP Julian Urbina
|
|
|
Batting: RHB Tom Thompson
|
0-0: Called Strike 0-1: Ball 1-1: Ball 2-1: Called Strike 2-2: Foul Ball, location: 2F 2-2: Strikes out looking
|
|
Batting: RHB Masumitsu Sugiura
|
0-0: Ball 1-0: Called Strike 1-1: Swinging Strike 1-2: Strikes out looking
|
|
Batting: RHB Isaiah Brockman
|
0-0: Foul Ball, location: 2F 0-1: Ball 1-1: Ball 2-1: Swinging Strike 2-2: Strikes out swinging
|
| Top of the 1st over - 0 runs, 0 hits, 0 errors, 0 left on base; Greensboro 0 - Wisconsin 0 |
| BOTTOM OF THE 1ST |
|
Wisconsin Timber Rattlers batting - Pitching for Greensboro Grasshoppers : RHP Tim Barnett
|
|
Pitching: RHP Tim Barnett
|
|
|
Batting: RHB Joe LaDue
|
0-0: SINGLE (Groundball, 6M, EV 101.9 MPH) (infield hit)
|
|
Batting: RHB Nick Garland
|
0-0: Ball Joe LaDue steals 2nd base (no throw) 1-0: Ground out 6-3 (Groundball, 6M, EV 83.8 MPH) Joe LaDue to third
|
|
Batting: RHB Eddie McCoy
|
0-0: Ball 1-0: Called Strike 1-1: Ground out 5-3 (Groundball, 56, EV 76.9 MPH) Joe LaDue scores
|
|
Batting: RHB Rafael Medina
|
0-0: Called Strike 0-1: Ball 1-1: Ball 2-1: Ball 3-1: Foul Ball, location: 2F 3-2: Strikes out looking
|
| Bottom of the 1st over - 1 run, 1 hit, 0 errors, 0 left on base; Greensboro 0 - Wisconsin 1 |
| TOP OF THE 2ND |
|
Greensboro Grasshoppers batting - Pitching for Wisconsin Timber Rattlers : RHP Julian Urbina
|
|
Batting: RHB Jake Shelton
|
0-0: Swinging Strike 0-1: Ground out 6-3 (Groundball, 6, EV 106.2 MPH)
|
|
Batting: RHB Bob Raine
|
0-0: Ball 1-0: Ball 2-0: Foul Ball, location: 2F 2-1: Ground out 6-3 (Groundball, 6, EV 99.4 MPH)
|
|
Batting: RHB Wei-guo Tsu
|
0-0: Ball 1-0: Ball 2-0: Ball 3-0: Called Strike 3-1: Foul Ball, location: 2F 3-2: Foul Ball, location: 2F 3-2: Base on Balls
|
|
Batting: RHB Chris Riddick
|
0-0: Called Strike 0-1: Called Strike 0-2: Ball 1-2: Foul Ball, location: 2F 1-2: Strikes out swinging
|
| Top of the 2nd over - 0 runs, 0 hits, 0 errors, 1 left on base; Greensboro 0 - Wisconsin 1 |
| BOTTOM OF THE 2ND |
|
Wisconsin Timber Rattlers batting - Pitching for Greensboro Grasshoppers : RHP Tim Barnett
|
|
Batting: RHB Jeff Cornett
|
0-0: Called Strike 0-1: Swinging Strike 0-2: Ground out 1-3 (Groundball, P, EV 71.2 MPH)
|
|
Batting: RHB John Freeman
|
0-0: Ground out 6-3 (Groundball, 6, EV 108.1 MPH)
|
|
Batting: RHB Tyler Badillo
|
0-0: Ball 1-0: Ground out 3-1 (Groundball, 34S, EV 66.9 MPH)
|
| Bottom of the 2nd over - 0 runs, 0 hits, 0 errors, 0 left on base; Greensboro 0 - Wisconsin 1 |
| TOP OF THE 3RD |
|
Greensboro Grasshoppers batting - Pitching for Wisconsin Timber Rattlers : RHP Julian Urbina
|
|
Batting: RHB Guillermo Rios
|
0-0: Foul Ball, location: 2F 0-1: Ball 1-1: SINGLE (Groundball, 6M, EV 110.6 MPH) (infield hit)
|
|
Batting: LHB Juan Zuniga
|
0-0: Grounds into double play, 6-4-3 (Groundball, 6, EV 105.6 MPH)
|
|
Batting: RHB Tom Thompson
|
0-0: Swinging Strike 0-1: Ball 1-1: Ball 2-1: Called Strike 2-2: Foul Ball, location: 2F 2-2: Ball 3-2: SINGLE (Line Drive, 8LS, EV 100.6 MPH)
|
|
Batting: RHB Masumitsu Sugiura
|
0-0: Ball Tom Thompson steals 2nd base (no throw) 1-0: SINGLE (Groundball, 6M, EV 98.8 MPH) Tom Thompson to third
|
|
Batting: RHB Isaiah Brockman
|
0-0: Called Strike 0-1: Ground out 4-3 (Groundball, 4S, EV 82.5 MPH)
|
| Top of the 3rd over - 0 runs, 3 hits, 0 errors, 2 left on base; Greensboro 0 - Wisconsin 1 |
| BOTTOM OF THE 3RD |
|
Wisconsin Timber Rattlers batting - Pitching for Greensboro Grasshoppers : RHP Tim Barnett
|
|
Batting: RHB Bryant Thies
|
0-0: Foul Ball, location: 2F 0-1: Ball 1-1: Ground out 4-3 (Groundball, 4, EV 87.5 MPH)
|
|
Batting: RHB Dave Bateman
|
0-0: Ball 1-0: Ball 2-0: Ball 3-0: Called Strike 3-1: Base on Balls
|
|
Batting: RHB Joe LaDue
|
0-0: Called Strike 0-1: Called Strike Dave Bateman steals 2nd base 0-2: Ball 1-2: Ball 2-2: Foul Ball, location: 2F 2-2: Ground out 4-3 (Groundball, 4S, EV 68.8 MPH) Dave Bateman to third
|
|
Batting: RHB Nick Garland
|
0-0: Ball 1-0: SINGLE (Groundball, 6M, EV 84.4 MPH) (infield hit) Dave Bateman scores
|
|
Batting: RHB Eddie McCoy
|
0-0: Ball 1-0: Ball 2-0: Ball 3-0: Base on Balls Nick Garland to second
|
|
Batting: RHB Rafael Medina
|
0-0: Foul Ball, location: 2F 0-1: Ball 1-1: Ball 2-1: Ball Wild Pitch! Nick Garland to third Eddie McCoy to second 3-1: Base on Balls
|
|
Batting: RHB Jeff Cornett
|
0-0: Ball 1-0: TRIPLE (Groundball, 3L, EV 109.4 MPH) Nick Garland scores Eddie McCoy scores Rafael Medina scores
|
|
Batting: RHB John Freeman
|
0-0: Ground out 6-3 (Groundball, 6, EV 86.2 MPH)
|
| Bottom of the 3rd over - 4 runs, 2 hits, 0 errors, 1 left on base; Greensboro 0 - Wisconsin 5 |
| TOP OF THE 4TH |
|
Greensboro Grasshoppers batting - Pitching for Wisconsin Timber Rattlers : RHP Julian Urbina
|
|
Batting: RHB Jake Shelton
|
0-0: Ball 1-0: Foul Ball, location: 2F 1-1: SOLO HOME RUN (Flyball, 78XD, EV 96.9 MPH), Distance : 386 ft
|
|
Batting: RHB Bob Raine
|
0-0: Ground out 6-3 (Groundball, 6, EV 85.0 MPH)
|
|
Batting: RHB Wei-guo Tsu
|
0-0: Ball 1-0: Ball 2-0: Ball 3-0: Called Strike 3-1: Fly out, F8 (Line Drive, 8RD, EV 101.9 MPH)
|
|
Batting: RHB Chris Riddick
|
0-0: Foul Ball, location: 2F 0-1: Foul Ball, location: 2F 0-2: Ball 1-2: Strikes out looking
|
| Top of the 4th over - 1 run, 1 hit, 0 errors, 0 left on base; Greensboro 1 - Wisconsin 5 |
| BOTTOM OF THE 4TH |
|
Wisconsin Timber Rattlers batting - Pitching for Greensboro Grasshoppers : RHP Tim Barnett
|
|
Batting: RHB Tyler Badillo
|
0-0: Ball 1-0: Ball 2-0: Fly out, F9 (Flyball, 9D, EV 87.5 MPH)
|
|
Batting: RHB Bryant Thies
|
0-0: Swinging Strike 0-1: Fly out, F7 (Flyball, 7LM, EV 90.6 MPH)
|
|
Batting: RHB Dave Bateman
|
0-0: Called Strike 0-1: Fly out, F8 (Flyball, 8RM, EV 85.6 MPH)
|
| Bottom of the 4th over - 0 runs, 0 hits, 0 errors, 0 left on base; Greensboro 1 - Wisconsin 5 |
| TOP OF THE 5TH |
|
Greensboro Grasshoppers batting - Pitching for Wisconsin Timber Rattlers : RHP Julian Urbina
|
|
Batting: RHB Guillermo Rios
|
0-0: Ball 1-0: Ground out 1-3 (Groundball, 34S, EV 69.4 MPH)
|
|
Batting: LHB Juan Zuniga
|
0-0: Ball 1-0: Ball 2-0: Ground out 5-3 (Groundball, 5, EV 89.4 MPH)
|
|
Batting: RHB Tom Thompson
|
0-0: Ball 1-0: Foul Ball, location: 2F 1-1: Ball 2-1: Ball 3-1: Base on Balls
|
|
Batting: RHB Masumitsu Sugiura
|
0-0: Called Strike 0-1: Ball 1-1: Called Strike 1-2: Foul Ball, location: 2F 1-2: Fly out, F2 (Popup, 15S, EV 88.1 MPH)
|
| Top of the 5th over - 0 runs, 0 hits, 0 errors, 1 left on base; Greensboro 1 - Wisconsin 5 |
| BOTTOM OF THE 5TH |
|
Wisconsin Timber Rattlers batting - Pitching for Greensboro Grasshoppers : RHP Tim Barnett
|
|
Batting: RHB Joe LaDue
|
0-0: Swinging Strike 0-1: Foul Ball, location: 2F 0-2: Ball 1-2: Ball 2-2: Ball 3-2: Base on Balls
|
|
Batting: RHB Nick Garland
|
0-0: Called Strike Joe LaDue steals 2nd base 0-1: Swinging Strike 0-2: Ball 1-2: Ball 2-2: Strikes out swinging
|
|
Batting: RHB Eddie McCoy
|
0-0: Ball Joe LaDue steals 3rd base (no throw) 1-0: Ball 2-0: Foul Ball, location: 2F 2-1: Ball 3-1: Hit by Pitch
|
|
Batting: RHB Rafael Medina
|
0-0: Fly out, F8 (Line Drive, 8RM, EV 110.0 MPH) Runner from 3rd tags up, SCORES, no throw by CF
|
|
Batting: RHB Jeff Cornett
|
0-0: Called Strike 0-1: SINGLE (Groundball, 4MD, EV 108.1 MPH) Eddie McCoy to second Runner from 2nd tries for 3rd, SAFE, throw by CF made to third
|
|
Pitching: RHP Reinaart Meyer
|
|
|
Batting: RHB John Freeman
|
0-0: Ball 1-0: Ball 2-0: Ball 3-0: Called Strike 3-1: Foul Ball, location: 2F 3-2: Strikes out swinging
|
| Bottom of the 5th over - 1 run, 1 hit, 0 errors, 2 left on base; Greensboro 1 - Wisconsin 6 |
| TOP OF THE 6TH |
|
Greensboro Grasshoppers batting - Pitching for Wisconsin Timber Rattlers : RHP Julian Urbina
|
|
Batting: RHB Isaiah Brockman
|
0-0: Ball 1-0: Called Strike 1-1: Ball 2-1: Ball 3-1: Called Strike 3-2: Base on Balls
|
|
Pitching: RHP Jason Ukena
|
|
|
Batting: RHB Jake Shelton
|
0-0: Called Strike 0-1: Called Strike 0-2: Strikes out swinging
|
|
Batting: RHB Bob Raine
|
0-0: Ball 1-0: Ball 2-0: Called Strike 2-1: Foul Ball, location: 2F 2-2: Foul Ball, location: 2F 2-2: Fielders Choice at 2nd, 6-4 (Groundball, 6, EV 83.8 MPH)
|
|
Batting: RHB Wei-guo Tsu
|
0-0: Ground out U3 (Groundball, 34, EV 75.6 MPH)
|
| Top of the 6th over - 0 runs, 0 hits, 0 errors, 1 left on base; Greensboro 1 - Wisconsin 6 |
| BOTTOM OF THE 6TH |
|
Wisconsin Timber Rattlers batting - Pitching for Greensboro Grasshoppers : RHP Reinaart Meyer
|
|
Batting: RHB Tyler Badillo
|
0-0: SOLO HOME RUN (Flyball, 7D, EV 97.5 MPH), Distance : 356 ft
|
|
Batting: RHB Bryant Thies
|
0-0: Called Strike 0-1: Called Strike 0-2: Ball 1-2: Foul Ball, location: 2F 1-2: Ball 2-2: Fly out, F9 (Line Drive, 9, EV 87.5 MPH)
|
|
Batting: RHB Dave Bateman
|
0-0: Ball 1-0: Ball 2-0: Foul Ball, location: 2F 2-1: Ball 3-1: Foul Ball, location: 2F 3-2: Base on Balls
|
|
Batting: RHB Joe LaDue
|
0-0: Called Strike Dave Bateman steals 2nd base 0-1: Foul Ball, location: 2F 0-2: Ball 1-2: Strikes out swinging
|
|
Batting: RHB Nick Garland
|
0-0: Ball 1-0: Fly out, F9 (Flyball, 89XD, EV 93.1 MPH)
|
| Bottom of the 6th over - 1 run, 1 hit, 0 errors, 1 left on base; Greensboro 1 - Wisconsin 7 |
| TOP OF THE 7TH |
|
Greensboro Grasshoppers batting - Pitching for Wisconsin Timber Rattlers : RHP Jason Ukena
|
|
Batting: RHB Chris Riddick
|
0-0: Called Strike 0-1: Ball 1-1: Fly out, F9 (Flyball, 89D, EV 109.4 MPH)
|
|
Batting: RHB Guillermo Rios
|
0-0: Ball 1-0: Swinging Strike 1-1: Ball 2-1: Called Strike 2-2: Strikes out looking
|
|
Batting: LHB Juan Zuniga
|
0-0: Foul Ball, location: 2F 0-1: Hit by Pitch
|
|
Batting: RHB Tom Thompson
|
0-0: SINGLE (Groundball, 56S, EV 95.0 MPH) Juan Zuniga to second
|
|
Batting: RHB Masumitsu Sugiura
|
0-0: Ground out 5-3 (Groundball, 56S, EV 88.1 MPH)
|
| Top of the 7th over - 0 runs, 1 hit, 0 errors, 2 left on base; Greensboro 1 - Wisconsin 7 |
| BOTTOM OF THE 7TH |
|
Wisconsin Timber Rattlers batting - Pitching for Greensboro Grasshoppers : RHP Reinaart Meyer
|
|
Batting: RHB Eddie McCoy
|
0-0: Ball 1-0: Foul Ball, location: 2F 1-1: Swinging Strike 1-2: Strikes out swinging
|
|
Pitching: RHP Marco Quezada
|
|
|
Batting: RHB Rafael Medina
|
0-0: Called Strike 0-1: Ground out 1-3 (Groundball, 13, EV 68.1 MPH)
|
|
Batting: RHB Jeff Cornett
|
0-0: Ball 1-0: Ball 2-0: Ground out 5-3 (Groundball, 56, EV 105.0 MPH)
|
| Bottom of the 7th over - 0 runs, 0 hits, 0 errors, 0 left on base; Greensboro 1 - Wisconsin 7 |
| TOP OF THE 8TH |
|
Greensboro Grasshoppers batting - Pitching for Wisconsin Timber Rattlers : RHP Jason Ukena
|
|
Batting: RHB Isaiah Brockman
|
0-0: Ball 1-0: Called Strike 1-1: Ground out 6-3 (Groundball, 6, EV 108.1 MPH)
|
|
Batting: RHB Jake Shelton
|
0-0: Called Strike 0-1: Foul Ball, location: 2F 0-2: Fly out, F9 (Flyball, 89M, EV 91.9 MPH)
|
|
Batting: RHB Bob Raine
|
0-0: Foul Ball, location: 2F 0-1: Swinging Strike 0-2: Ground out U3 (Groundball, 3S, EV 67.5 MPH)
|
| Top of the 8th over - 0 runs, 0 hits, 0 errors, 0 left on base; Greensboro 1 - Wisconsin 7 |
| BOTTOM OF THE 8TH |
|
Wisconsin Timber Rattlers batting - Pitching for Greensboro Grasshoppers : RHP Marco Quezada
|
|
Batting: RHB John Freeman
|
0-0: Ball 1-0: SINGLE (Groundball, 6MD, EV 98.8 MPH)
|
|
Batting: RHB Tyler Badillo
|
0-0: Ball John Freeman steals 2nd base 1-0: Ball 2-0: Called Strike 2-1: Foul Ball, location: 2F 2-2: Foul Ball, location: 2F 2-2: Fly out, F9 (Flyball, 9LD, EV 108.8 MPH) Runner from 2nd tags up, SAFE at 3rd, no throw by RF
|
|
Batting: RHB Bryant Thies
|
0-0: Ball 1-0: Ball Wild Pitch! John Freeman scores 2-0: Ball 3-0: Called Strike 3-1: Base on Balls
|
|
Batting: RHB Dave Bateman
|
0-0: Ball 1-0: Ball Bryant Thies steals 2nd base 2-0: Called Strike 2-1: Foul Ball, location: 2F 2-2: Ground out 6-3 (Groundball, 6M, EV 85.0 MPH) Bryant Thies to third
|
|
Batting: RHB Joe LaDue
|
0-0: Ball 1-0: Ball 2-0: Foul Ball, location: 2F 2-1: Called Strike 2-2: Ball 3-2: Base on Balls
|
|
Batting: RHB Nick Garland
|
0-0: Called Strike 0-1: Ball 1-1: DOUBLE (Line Drive, 7LM, EV 100.0 MPH) Bryant Thies scores Joe LaDue to third Runner from 3rd tries for Home, SAFE, throw by LF to home
|
|
Batting: RHB Eddie McCoy
|
0-0: Ball 1-0: Ball 2-0: Foul Ball, location: 2F 2-1: Swinging Strike 2-2: Foul Ball, location: 2F 2-2: Strikes out looking
|
| Bottom of the 8th over - 3 runs, 2 hits, 0 errors, 1 left on base; Greensboro 1 - Wisconsin 10 |
| TOP OF THE 9TH |
|
Greensboro Grasshoppers batting - Pitching for Wisconsin Timber Rattlers : RHP Jason Ukena
|
|
Batting: RHB Wei-guo Tsu
|
0-0: Ball 1-0: Foul Ball, location: 2F 1-1: Ball 2-1: Ball 3-1: Base on Balls
|
|
Pitching: RHP Joe Shaw
|
|
|
Batting: RHB Chris Riddick
|
0-0: Called Strike 0-1: Ball 1-1: Ground out 5-3 (Groundball, 56, EV 104.4 MPH) Wei-guo Tsu to second
|
|
Batting: RHB Guillermo Rios
|
0-0: Ball 1-0: SINGLE (Groundball, P, EV 83.1 MPH) (infield hit) Wei-guo Tsu to third
|
|
Batting: LHB Juan Zuniga
|
0-0: Ball 1-0: Fielders Choice at 2nd, 6-4 (Groundball, 6, EV 108.1 MPH) Wei-guo Tsu scores
|
|
Batting: RHB Tom Thompson
|
0-0: Ball 1-0: Called Strike 1-1: Swinging Strike 1-2: Strikes out swinging
|
| Top of the 9th over - 1 run, 1 hit, 0 errors, 1 left on base; Greensboro 2 - Wisconsin 10 |
|